 Dungeon Crawl Stone Soup version 0.32-a0-30-gefbe487952 (webtiles) character file.

Game seed: 15090041487630785673

14 PriceMaster the Magician (level 2, -5/19 HPs)
             Began as a Vampire Hedge Wizard on Jan 20, 2024.
             Killed from afar by Sigmund (8 damage)
             ... with a puff of flame
             ... on level 2 of the Dungeon.
             The game lasted 00:02:02 (1044 turns).

PriceMaster the Magician (Vampire Hedge Wizard)     Turns: 1044, Time: 00:02:03

Health: -5/19      AC:  3    Str:  9    XL:     2   Next: 31%
Magic:  1/6        EV: 12    Int: 16    God:
Gold:   61         SH:  0    Dex: 13    Spells: 3/7 levels left

rFire   . . .        h - +0 rapier
rCold   . . .        (no shield)
rNeg    . . .        b - +0 robe
rPois   .            c - +0 hat
rElec   .            j - scarf {shadows}
rCorr   .            g - +0 pair of gloves
SInv    +            (no boots)
Will    .....        (no amulet)
Stlth   ++           l - ring of wizardry
HPRegen 0.43/turn    (no ring)
MPRegen 0.10/turn

%: wizardry (x1)
@: brilliant, on blink cooldown, healing quickly
A: alive, fangs 3, see invisible, vampiric 1
a: Exsanguinate


You were on level 2 of the Dungeon.
You visited 1 branch of the dungeon, and saw 2 of its levels.

You collected 61 gold pieces.

Inventory:

Hand Weapons
 a - a +0 dagger
 h - a +0 rapier (weapon)
Armour
 b - a +0 robe (worn)
 c - a +0 hat (worn)
 g - a +0 pair of gloves (worn)
 i - a +0 barding
 j - a scarf of shadows (worn)
Jewellery
 l - a ring of wizardry (left hand)
Scrolls
 m - a scroll of teleportation {unknown}
 n - a scroll of enchant weapon {unknown}
 o - a scroll of fog {unknown}
Potions
 d - a potion of magic
 f - a potion of enlightenment {unknown}


   Skills:
 + Level 0.1 Short Blades
 + Level 2.4 Dodging
 + Level 3.2 Stealth
 + Level 3.3 Spellcasting
 + Level 0.6 Conjurations
 + Level 1.0 Summonings
 + Level 0.7 Translocations


You had 3 spell levels left.
You knew the following spells:

 Your Spells              Type           Power      Damage    Failure   Level
a - Magic Dart            Conj           28%        1d4       6%          1
b - Blink                 Tloc           14%        N/A       9%          2
c - Slow                  Hex            16%        N/A       8%          1

Your spell library contained the following spells:

 Spells                   Type           Power      Damage    Failure   Level
 Call Imp                 Summ           16%        N/A       8%          2
 Cigotuvi's Dreadful Rot  Necr/Alch/Air  8%         N/A       11%         2
 Mephitic Cloud           Conj/Alch/Air  5%         N/A       21%         3


Dungeon Overview and Level Annotations

Branches:
Dungeon (2/15)

Altars:

Annotations:
D:2 Sigmund


Innate Abilities, Weirdness & Mutations

Your natural rate of healing is accelerated.
You have razor-sharp teeth.
You have supernaturally acute eyesight. (SInv)
You are afflicted with vampirism.


Message History

You closely miss Sigmund.
Sigmund is lightly wounded.
Sigmund hits you with a +0 scythe!
* * * LOW HITPOINT WARNING * * *
It was a potion of curing.
You feel better.
You feel better. Sigmund barely misses you.
You closely miss Sigmund.
Sigmund is lightly wounded.
Sigmund zaps a wand.
The puff of flame hits you!
Ouch! That really hurt!
You closely miss Sigmund.
Sigmund is lightly wounded.
Sigmund casts a spell at you. The magic dart hits you.
* * * LOW HITPOINT WARNING * * *
It was a potion of brilliance.
You feel clever all of a sudden. Sigmund closely misses you.
Casting: Magic Dart (safe; 6% risk of failure)
Confirm with . or Enter, or press ? or * to list all spells.
Aiming: Slow (safe; 8% risk of failure)
Press: ? - help, Shift-Dir - straight line, f/p - Sigmund
Aim: Sigmund, wielding a +0 scythe, wearing a +0 robe and carrying a wand of flame (lightly wounded, slightly transparent, chance to affect: 46%)
Okay, then.
Casting: Slow (safe; 8% risk of failure)
Confirm with . or Enter, or press ? or * to list all spells.
You feel a surge of power!
You blink.
Sigmund points at you and mumbles some strange words.
The puff of flame misses you.
Aiming: Magic Dart (safe; 6% risk of failure)
Press: ? - help, Q - select action, (/) - cycle Shift-Dir - straight line, f/p - Sigmund
Aim: Sigmund, wielding a +0 scythe, wearing a +0 robe and carrying a wand of flame (lightly wounded, slightly transparent, 100% to hit)
Okay, then.
Okay, then.
Casting: Magic Dart (safe; 6% risk of failure)
Confirm with . or Enter, or press ? or * to list all spells.
You don't know that spell.
Sigmund zaps a wand.
The puff of flame hits you!
You die...
Sigmund begins carving another notch in his scythe.

#.....#######
#.....# ###.### #..
#.# #.# #.# #.# #.#
#.# .# #.# #.# .#
#.# ##.##.# #.#
#.@...####
#.########.........
#.#............####
#.#.######.#@#.#
#.#.# #.#l#...
#.#.######.#l#.###
#........#.#.# #
###.####.#.#.. #.#
.....


You could see Sigmund (invisible) and 2 frilled lizards.

Vanquished Creatures
  A dart slug (D:2)
  A giant cockroach (D:1)
  4 jackals (D:1)
  A quokka (D:1)
  2 kobolds (D:1)
  2 rats (D:1)
11 creatures vanquished.

Notes
Turn   | Place    | Note
-------+----------+-------------------------------------------
     0 | D:1      | PriceMaster the Vampire Hedge Wizard began the quest for
                  | the Orb.
     0 | D:1      | Reached XP level 1. HP: 13/13 MP: 4/4
   405 | D:1      | Reached XP level 2. HP: 10/19 MP: 0/6
   898 | D:1      | Learned a level 2 spell: Blink
   900 | D:1      | Learned a level 1 spell: Slow
  1021 | D:2      | Noticed Sigmund
  1044 | D:2      | Killed from afar by Sigmund

Illustrated notes

Levels and vault maps discovered:
D:1:      ncdulo_halloftheorcs, layout_basic
D:2:      layout_loops_ring, chequers_serial_rivers_micro_a, corexii_shack,
          nicolae_titane, uniq_sigmund

Action                     || total
---------------------------++-------
  Melee: Rapier            ||    32
         Dagger            ||     3
         Bite              ||     1
   Cast: Magic Dart        ||    24
         Slow              ||     3
         Blink             ||     1
    Use: Potion            ||     3
   Stab: Sleeping          ||     3
 Armour: Robe              ||    30
  Dodge: Dodged            ||    39

Table legend: (Time is in decaauts)
 A = Elapsed time spent in this place.
 B = Non-inter-level travel time spent in this place.
 C = Inter-level travel time spent in this place.
 D = Time resting spent in this place.
 E = Time spent auto-exploring this place.
 F = Levels seen in this place.
 G = Mean time per level.
                   A        B        C        D        E       F      G
               +--------+--------+--------+--------+--------+-----+--------+
         Total |   1049 |   1023 |     26 |      0 |    831 |   2 |  524.5 |
       Dungeon |   1049 |   1023 |     26 |      0 |    831 |   2 |  524.5 |
               +--------+--------+--------+--------+--------+-----+--------+

Top non-repeatable levels by time:
     D:1: 929 daAuts
     D:2: 119 daAuts
